Map: Solaris LE

Players

SubN

  • Race: Zerg Zerg
  • League: Diamond
  • Spawn Location: 7:00

BOB - Winner!

  • Race: Zerg Zerg
  • League: Diamond
  • Spawn Location: 1:00

VOD

Have the link to the VOD?

Description

Time

  • Played on: Jan. 23, 2024, 12:24 a.m.
  • Length: 4:24
Show
View Real Time Build Order
Export as new Build Order

SubN Zerg 

Build Orders: Pool First 

Get SALT Encoding   

  12  0:00  Drone  
  13  0:08  Drone  
  14  0:14  Extractor  
  13  0:28  Spawning Pool  
  12  0:57  Hatchery  
  11  1:15  Queen  
  13  1:31  Metabolic Boost  
  13  1:36  Overlord  
  13  1:41  Zergling x2  
  14  2:02  Zergling x2  
  14  2:03  Zergling x4  
  17  2:09  Queen  
  17  2:11  Zergling x2  
  20  2:18  Zergling x2  
  21  2:26  Zergling x4  
  23  2:36  Zergling x4  
  25  2:39  Zergling x2  
  25  2:44  Zergling x2  
  27  2:48  Zergling x2  
  27  3:17  Zergling x6  
  27  3:18  Zergling x2  
  23  3:30  Zergling x10  
  24  3:37  Zergling x2  
  24  3:40  Zergling x2  
  26  3:43  Zergling x2  
  27  3:49  Zergling x2  
  28  3:59  Overlord  
Show
View Real Time Build Order
Export as new Build Order

BOB Zerg - Winner!

Build Orders: Hatch First 

Get SALT Encoding   

  12  0:01  Drone  
  13  0:13  Overlord  
  13  0:17  Drone  
  14  0:31  Drone  
  14  0:32  Drone  
  14  0:35  Drone  
  17  0:52  Hatchery  
  17  0:56  Drone  
  17  0:59  Drone  
  18  1:14  Spawning Pool  
  18  1:18  Drone  
  18  1:24  Overlord  
  18  1:31  Drone  
  19  1:39  Drone  
  20  1:59  Drone  
  21  2:06  Zergling x4  
  23  2:12  Queen x2  
  23  2:14  Drone  
  28  2:17  Drone  
  29  2:29  Drone x2  
  31  2:35  Zergling x2  
  32  2:38  Zergling x2  
  33  2:44  Overlord  
  30  3:04  Zergling x6  
  32  3:10  Zergling x4  
  34  3:17  Zergling x2  
  34  3:18  Queen x2  
  34  3:19  Zergling x2  
  22  3:27  Zergling x2  
  22  3:30  Zergling x2  
  20  3:49  Drone x2  
  24  4:03  Zergling x2  
Tags
 
Add a new tag
Caveats
  • Supply blocks, unpowered buildings, or Contaminate may cause inaccurate times.
  • Supply counts are checked every 10 seconds.